 Dungeon Crawl Stone Soup version 0.30.1-9-gdf580d7c3d (webtiles) character file.

Game seed: 13748355098711421514

322 pkoi the Ruffian (level 6, 0/51 HPs)
             Began as a Draconian Monk on Oct 9, 2023.
             Slain by a mummy (13 damage)
             ... in an ossuary.
             The game lasted 00:04:18 (2760 turns).

pkoi the Ruffian (Draconian Monk)                   Turns: 2760, Time: 00:04:19

Health: 0/51       AC:  7    Str: 14    XL:     6   Next: 22%
Magic:  6/6        EV: 12    Int: 12    God:
Gold:   149        SH:  6    Dex: 13    Spells: 5/5 levels left

rFire   + .          .
                       - Unarmed
rCold   . . .        h - +2 buckler {rF+}
rNeg    . . .        (body armour unavailable)
rPois   .            (helmet restricted)
rElec   .            f - +0 cloak
rCorr   .            (no gloves)
SInv    .            (no boots)
Will    +....        (no amulet)
Stlth   +            g - ring of willpower
HPRegen 0.28/turn    (no ring)
MPRegen 0.10/turn

%: no passive effects
@: no status effects
A: AC +6, unfitting armour, cold-blooded
a: no special abilities


You were in an ossuary.
You visited 1 branch of the dungeon, and saw 4 of its levels.
You also visited: Ossuary.

You collected 149 gold pieces.

Inventory:

Hand Weapons
 d - a +3 dagger
 k - a +1 dagger of venom
 p - a +1 short sword of electrocution
Missiles
 m - 4 silver boomerangs (quivered)
Armour
 b - an orb of light
 f - a +0 cloak (worn)
 h - a +2 buckler of fire resistance (worn)
Jewellery
 g - a ring of willpower (left hand)
 l - a ring of wizardry
 o - a ring of willpower
Scrolls
 e - 2 scrolls of poison
 i - a scroll of teleportation
 j - 2 scrolls of amnesia
 q - a scroll of summoning
 r - a scroll of enchant armour
Potions
 a - a potion of ambrosia
 c - a potion of lignification
 n - 3 potions of curing


   Skills:
 - Level 3.2 Fighting
 + Level 3.7 Dodging
 + Level 2.4 Shields
 * Level 5.8 Unarmed Combat


You had 5 spell levels left.
You didn't know any spells.
Your spell library was empty.

Dungeon Overview and Level Annotations

Branches:
Dungeon (4/15)            Ossuary (1/1)
 Temple: D:4-7

Altars:
Sif Muna
Uskayaw


Innate Abilities, Weirdness & Mutations

Your plain brown scales are hard. (AC +6)
You cannot fit into any form of body armour.
You are cold-blooded and may be slowed by cold attacks.


Message History

You destroy the orc zombie!
The orc zombie hits you but does no damage.
The mummy barely misses you.
You hit the mummy.
The mummy is moderately damaged.
You hit the mummy but do no damage.
You tail-slap the mummy, but do no damage.
The mummy is moderately damaged.
You block the gnoll zombie's attack. The orc zombie closely misses you.
The mummy completely misses you.
You hit the mummy.
The mummy is moderately damaged.
The orc zombie misses you.
You hit the mummy.
The mummy is severely damaged.
You block the mummy's attack.
The orc zombie hits you but does no damage.
You punch the mummy!
The mummy is almost destroyed.
The mummy hits you! The orc zombie misses you.
You hit the mummy but do no damage. You tail-slap the mummy.
You destroy the mummy!
The mummy hits you.
* * * LOW HITPOINT WARNING * * *
Unknown command.
You hit the mummy. You tail-slap the mummy.
The mummy is heavily damaged.
The orc zombie closely misses you. The mummy completely misses you.
Unknown command.
You hit the mummy. You tail-slap the mummy.
The mummy is severely damaged.
The mummy hits you.
* * * LOW HITPOINT WARNING * * *
The gnoll zombie barely misses you.
The orc zombie hits you but does no damage.
Unknown command.
You hit the mummy.
The mummy is almost destroyed.
The mummy hits you!
You die...

#....#
#....#
#....#
#....#
#....#
#....#
#.Z..#
#ZMZ.#
#.@M.#
######


You could see 2 mummies, a gnoll zombie, a kobold zombie and an orc zombie.

Vanquished Creatures
  A phantom (D:1)
  2 iguanas (D:4)
  Natasha (thrice) (D:2)
  2 mummies (Ossuary)
  3 adders
  A worm (D:3)
  2 dart slugs
  An orc (D:3)
  2 ball pythons
  4 bats
  5 endoplasms
  8 goblins
  5 hobgoblins
  6 jackals
  5 kobolds
  2 quokkas
  3 frilled lizards (D:1)
  2 kobold zombies (Ossuary)
  3 orc zombies (Ossuary)
  8 rats
68 creatures vanquished.

Notes
Turn   | Place    | Note
-------+----------+-------------------------------------------
     0 | D:1      | pkoi the Draconian Monk began the quest for the Orb.
     0 | D:1      | Reached XP level 1. HP: 19/19 MP: 1/1
   236 | D:1      | Reached XP level 2. HP: 21/26 MP: 2/2
   612 | D:1      | Reached skill level 4 in Unarmed Combat
   719 | D:1      | Reached XP level 3. HP: 31/31 MP: 3/3
  1195 | D:2      | Noticed a phantom
  1247 | D:1      | Killed a phantom
  1248 | D:1      | Reached skill level 1 in Shields
  1248 | D:1      | Reached XP level 4. HP: 18/38 MP: 4/4
  1490 | D:2      | Noticed Natasha
  1501 | D:2      | Killed Natasha
  1502 | D:2      | Reached skill level 5 in Unarmed Combat
  1502 | D:2      | Reached XP level 5. HP: 42/45 MP: 5/5
  1535 | D:2      | Noticed Natasha
  1543 | D:2      | Killed Natasha
  1564 | D:2      | Noticed Natasha
  1574 | D:2      | Killed Natasha
  1796 | D:3      | Found a shimmering blue altar of Sif Muna.
  2119 | D:3      | Found a faded altar of an unknown god.
  2361 | D:3      | Found a hide-covered altar of Uskayaw.
  2663 | D:4      | Reached XP level 6. HP: 31/51 MP: 6/6
  2698 | D:4      | Found a sand-covered staircase.
  2704 | Ossuary  | Entered an ossuary
  2760 | Ossuary  | Slain by a mummy

Illustrated notes

Levels and vault maps discovered:
D:1:      wheals_arrival_linesprint, layout_loops_corners, st_stairs_1,
          serial_bayou_lagoon_a
D:2:      layout_rooms, minmay_tree_intersection, uniq_natasha
D:3:      layout_basic, nicolae_overflow_crystal_walls,
          mainiacjoe_overflow_small_starburst, basic_ecumenical_altar
D:4:      layout_basic, nicolae_overflow_hidden_temple, enter_ossuary_1,
          palyth_stone_intersect
Ossuary:  ossuary_tomb_3

Skill      XL: |  1  2  3  4  5 |
---------------+----------------+-----
Unarmed Combat | 4 5 |  5.8
Dodging        | 3 |  3.7
Shields        | 1 2 |  2.4
Fighting       | |  3.2

Action                     |  1- 3 |  4- 6 || total
---------------------------+-------+-------++-------
  Melee: Unarmed           |    95 |    64 ||   159
         Tailslap          |    15 |    28 ||    43
         Dagger            |    10 |    94 ||   104
    Use: Scroll            |     1 |     7 ||     8
   Stab: Sleeping          |       |     1 ||     1
 Armour: Skin              |    28 |    34 ||    62
  Dodge: Dodged            |    47 |    87 ||   134
  Block: Buckler           |    15 |    35 ||    50
